 Dungeon Crawl Stone Soup version 0.19.0-19-g8c6edcc (webtiles) character file.

161 lorenzova the Skirmisher (level 5, -2/50 HPs)
             Began as a Deep Dwarf Monk on Nov 14, 2016.
             Was a Believer of Makhleb.
             Killed from afar by removeelyvilon's ghost (7 damage)
             ... with a magic dart
             ... on level 3 of the Dungeon.
             The game lasted 00:05:49 (2028 turns).

lorenzova the Skirmisher (Deep Dwarf Monk)          Turns: 2028, Time: 00:05:49

Health: -2/50      AC:  3    Str: 15    XL:     5   Next: 18%
Magic:  6/6        EV: 14    Int: 11    God:    Makhleb [**....]
Gold:   151        SH:  0    Dex: 15    Spells: 0 memorised, 4 levels left

rFire  . . .     SeeInvis .     a - +0 hand axe
rCold  + + .     Gourm    .     b - +0 robe
rNeg   . . .     Faith    .     (no shield)
rPois  .         Spirit   .     i - +0 helmet
rElec  .         Reflect  .     (no cloak)
rCorr  .         Harm     .     (no gloves)
MR     .....                    (no boots)
Stlth  ++........               (no amulet)
                                h - ring of protection from cold
                                e - ring of protection from cold

@: non-regenerating
A: damage resistance, recharge devices, sense surroundings 1, slow regeneration
3
a: Device Recharging, Minor Destruction, Renounce Religion


You were on level 3 of the Dungeon.
You worshipped Makhleb.
Makhleb was pleased with you.
You were not hungry.

You visited 1 branch of the dungeon, and saw 3 of its levels.

You collected 151 gold pieces.

Inventory:

Hand Weapons
 a - a +0 hand axe (weapon)
Armour
 b - a +0 robe (worn)
 i - a +0 helmet (worn)
Jewellery
 e - a ring of protection from cold (left hand)
 h - a ring of protection from cold (right hand)
 n - an uncursed ring of protection from cold
Wands
 c - a wand of heal wounds (1/9)
Scrolls
 f - a scroll of immolation {unknown}
 g - 5 scrolls of identify {unknown}
 k - a scroll of recharging {unknown}
Potions
 j - a potion of heal wounds {unknown}
Comestibles
 d - 3 bread rations
 l - 8 fruits
 m - a beef jerky


   Skills:
 * Level 4.1 Fighting
 - Level 3.2 Axes
 + Level 2.3 Armour
 + Level 4.1 Dodging
 - Level 2.4 Stealth
 + Level 1.8 Evocations


You had 4 spell levels left.
You didn't know any spells.

Dungeon Overview and Level Annotations

Branches:
Dungeon (3/15)

Altars:
Elyvilon
Makhleb
Trog
Xom

Annotations:
D:3 removeelyvilon's ghost, amateur DgCj


Innate Abilities, Weirdness & Mutations

You are resistant to damage.
You can recharge devices by infusing magical energy.
You passively map a small area around you.
You do not regenerate.


Message History

Removeelyvilon's ghost closely misses you.
You hit removeelyvilon's ghost but do no damage.
Removeelyvilon's ghost is moderately damaged.
Removeelyvilon's ghost points at you and mumbles some strange words.
The magic dart hits you!
* * * LOW HITPOINT WARNING * * *
Removeelyvilon's ghost barely misses you.
You closely miss removeelyvilon's ghost.
Removeelyvilon's ghost is moderately damaged.
You barely miss the crimson imp. The crimson imp closely misses you.
Removeelyvilon's ghost barely misses you.
You hit removeelyvilon's ghost.
Removeelyvilon's ghost is moderately damaged.
You hit the crimson imp but do no damage.
The crimson imp blinks!
Removeelyvilon's ghost hits you.
You hit removeelyvilon's ghost.
Removeelyvilon's ghost is heavily damaged.
Removeelyvilon's ghost points at you and mumbles some strange words.
The magic dart hits you!
You die...

* # .* # *
####.##.
,*##?..... , #
#...#># * #.
#.....
#.##.W)####,#
#....@§.5.#.#
#...........# *
#.........### **
####...#### #####
#...# ###....
#...#
#######......
##.##
#.........<##
#.####.###........
#.....÷.........##


You could see removeelyvilon's ghost and a crimson imp.

Vanquished Creatures
  A bullfrog (D:1)
  An adder (D:2)
  4 worms
  3 dart slugs
  4 leopard geckos
  An orc (D:3)
  6 bats
  5 giant cockroaches
  7 goblins
  10 hobgoblins
  5 jackals (D:1)
  A ball python (D:1)
  4 frilled lizards
  5 kobolds
  8 rats
65 creatures vanquished.

Notes
Turn   | Place    | Note
-------+----------+-------------------------------------------
     0 | D:1      | lorenzova the Deep Dwarf Monk began the quest for the Orb.
     0 | D:1      | Reached XP level 1. HP: 20/20 MP: 1/1
   107 | D:1      | Reached XP level 2. HP: 15/28 MP: 2/2
   276 | D:1      | Reached skill level 1 in Armour
   435 | D:1      | Reached XP level 3. HP: 26/34 MP: 3/3
   765 | D:1      | Noticed a bullfrog
   772 | D:1      | Killed a bullfrog
   772 | D:1      | Reached skill level 1 in Evocations
   772 | D:1      | Reached XP level 4. HP: 24/44 MP: 3/5
   986 | D:2      | Found a white marble altar of Elyvilon.
  1221 | D:2      | Found a shimmering altar of Xom.
  1221 | D:2      | Found a burning altar of Makhleb.
  1225 | D:2      | Became a worshipper of Makhleb the Destroyer
  1225 | D:2      | Reached * piety under Makhleb
  1225 | D:2      | Reached ** piety under Makhleb
  1459 | D:2      | Reached XP level 5. HP: 36/50 MP: 6/6
  1682 | D:3      | Found a bloodstained altar of Trog.
  2004 | D:3      | Noticed removeelyvilon's ghost (amateur DgCj)
  2028 | D:3      | Killed from afar by removeelyvilon's ghost

Skill      XL: |  1  2  3  4 |
---------------+-------------+-----
Fighting       | 3 4 |  4.1
Armour         | 1 2 |  2.3
Evocations     | 1 |  1.8
Dodging        | 4 |  4.1
Axes           | |  3.2
Stealth        | |  2.4

Action                   |  1- 3 |  4- 6 || total
-------------------------+-------+-------++-------
Melee: Hand axe          |    94 |   151 ||   245
Evoke: Wand              |     1 |     3 ||     4
 Stab: Sleeping          |     3 |     6 ||     9
  Eat: Chunk             |       |     4 ||     4
Armor: Robe              |    22 |    19 ||    41
Dodge: Dodged            |    85 |   110 ||   195
